 Dungeon Crawl Stone Soup version 0.24-a0-22-g2a401c0 (webtiles) character file.

Game seed: 13829708806534978968

3211 ohad the Basher (level 9, -14/126 HPs)
             Began as an Ogre Berserker on Feb 1, 2019.
             Was an Elder of Trog.
             Demolished by an orc warrior
             ... wielding a +0 hand axe
              (21 damage)
             ... on level 8 of the Dungeon.
             The game lasted 00:14:04 (6963 turns).

ohad the Basher (Ogre Berserker)                    Turns: 6963, Time: 00:14:05

Health: -14/126    AC:  5    Str: 28    XL:     9   Next: 97%
Magic:  9/9        EV: 10    Int:  8    God:    Trog [****..]
Gold:   317        SH:  0    Dex: 11    Spells: 8/8 levels left

rFire    . . .     SeeInvis .   v - +0 giant club
rCold    . . .     Gourm    .   (shield currently unavailable)
rNeg     . . .     Faith    .   b - +1 animal skin
rPois    .         Spirit   .   (helmet restricted)
rElec    .         Reflect  .   q - +0 cloak
rCorr    .         Harm     .   (gloves unavailable)
MR       .....                  (boots unavailable)
Stlth    ..........             (no amulet)
HPRegen  0.31/turn              (no ring)
MPRegen  0.11/turn              (no ring)

@: berserking (expiring), very quick
A: large, unfitting armour, tough skin 1
a: Berserk, Trog's Hand, Brothers in Arms, Renounce Religion


You were on level 8 of the Dungeon.
You worshipped Trog.
Trog was greatly pleased with you.
You were hungry.

You visited 1 branch of the dungeon, and saw 8 of its levels.

You collected 317 gold pieces.

Inventory:

Hand Weapons
 a - a +0 mace
 k - a +0 blowgun
 p - a +2 flail of protection
 v - a +0 giant club (weapon)
 B - a +0 dire flail
Missiles
 H - 7 tomahawks of returning (quivered)
Armour
 b - a +1 animal skin (worn)
 q - a +0 cloak (worn)
Jewellery
 m - an uncursed ring of protection from cold
 x - an uncursed ring of ice
Wands
 j - a wand of digging (9)
 t - a wand of polymorph (11)
 C - a wand of acid (6)
Scrolls
 g - a scroll of magic mapping {unknown}
 i - 4 scrolls of teleportation
 n - a scroll of blinking
 r - a scroll of fear
 s - a scroll of enchant armour
 y - a scroll of noise {unknown}
 A - a scroll of enchant weapon {unknown}
 D - 2 scrolls of remove curse
 E - a scroll of identify
 F - a scroll of acquirement {unknown}
 G - a scroll of silence {unknown}
Potions
 d - 2 potions of heal wounds
 e - a potion of mutation
 f - a potion of might
 h - 2 potions of curing
 l - a potion of brilliance
 o - 2 potions of flight
 u - a potion of cancellation
 w - a potion of magic
 z - a potion of lignification {unknown}
Comestibles
 c - 13 rations
 I - 4 chunks of flesh


   Skills:
 - Level 4.0 Fighting
 + Level 12.4 Maces & Flails
 - Level 2.6 Dodging


You had 8 spell levels left.
You didn't know any spells.
Your spell library was empty.

Dungeon Overview and Level Annotations

Branches:
Dungeon (8/15)             Temple (0/1) D:4
   Lair: D:8-11

Altars:
Ashenzari
Gozag

Shops:
D:5 *


Innate Abilities, Weirdness & Mutations

You are too large for most types of armour.
You have tough skin. (AC +1)


Message History

* * * LOW HITPOINT WARNING * * *
You closely miss the orc warrior.
The orc warrior hits you with a +0 hand axe!
* * * LOW HITPOINT WARNING * * *
You barely miss the orc warrior. The orc hits you.
* * * LOW HITPOINT WARNING * * *
The orc warrior hits you with a +0 hand axe.
* * * LOW HITPOINT WARNING * * *
You barely miss the orc warrior. The orc barely misses you.
You sock the orc warrior!
The orc warrior is moderately wounded.
The orc warrior hits you with a +0 hand axe.
* * * LOW HITPOINT WARNING * * *
You barely miss the orc warrior.
The orc warrior is moderately wounded.
The orc barely misses you.
You thump the orc warrior!
The orc warrior is almost dead.
The orc warrior hits you with a +0 hand axe!!
You die...

#..... .. #.....
.... ##### #....
..... ..... #...#
..(..#
.....##...##.....#
..................
..................
........oo........
........@)##.....#
######+##)###
......
........#...#
...###
........#...# ..#
........#...# ..#
........#...#
........#...#
.......)#'####
########.....#


You could see an orc warrior and an orc.

Vanquished Creatures
  2 two-headed ogres (D:8)
  An ugly thing (D:8)
  A hippogriff (D:7)
  2 orc warriors (D:6)
  An ogre (D:4)
  2 centaurs
  A big kobold (D:7)
  A bullfrog (D:7)
  2 electric eels (D:7)
  2 crimson imps
  2 hounds (D:7)
  5 orc wizards
  A bullfrog zombie (D:7)
  2 orc priests
  6 worker ants
  A gnoll (D:6)
  A howler monkey zombie (D:5)
  2 adders (D:2)
  A shadow imp (D:6)
  An adder zombie (D:5)
  2 worms (D:3)
  6 dart slugs (D:1)
  6 leopard geckos
  32 orcs
  3 bats
  5 giant cockroaches
  10 goblins
  12 hobgoblins
  8 jackals
  A quokka (D:7)
  A ball python (D:1)
  2 frilled lizards
  23 kobolds
  A quokka skeleton (D:7)
  9 rats
158 creatures vanquished.

Notes
Turn   | Place    | Note
-------+----------+-------------------------------------------
     0 | D:1      | ohad the Ogre Berserker began the quest for the Orb.
     0 | D:1      | Reached XP level 1. HP: 24/24 MP: 1/1
    89 | D:1      | Reached skill level 3 in Maces & Flails
   281 | D:1      | Reached XP level 2. HP: 32/32 MP: 2/2
   528 | D:1      | Reached XP level 3. HP: 38/39 MP: 3/3
   723 | D:2      | Reached skill level 4 in Maces & Flails
  1343 | D:2      | Reached ** piety under Trog
  1368 | D:2      | Reached XP level 4. HP: 34/48 MP: 4/4
  1755 | D:3      | Found a faded altar of an unknown god.
  2392 | D:4      | Reached skill level 5 in Maces & Flails
  2392 | D:4      | Reached XP level 5. HP: 42/54 MP: 5/5
  2534 | D:4      | Reached skill level 6 in Maces & Flails
  2534 | D:4      | Reached XP level 6. HP: 30/62 MP: 6/6
  2779 | D:4      | Found a shattered altar of Ashenzari.
  3147 | D:4      | Found a staircase to the Ecumenical Temple.
  3484 | D:5      | Entered Level 5 of the Dungeon
  3496 | D:5      | Found an opulent altar of Gozag.
  3687 | D:5      | Found Wuotofux's Lightly-Used Armoury.
  3702 | D:4      | Reached skill level 7 in Maces & Flails
  3702 | D:4      | Reached XP level 7. HP: 59/70 MP: 7/7
  4450 | D:6      | Reached *** piety under Trog
  5007 | D:6      | Reached skill level 8 in Maces & Flails
  5302 | D:6      | Reached XP level 8. HP: 25/78 MP: 8/8
  5563 | D:7      | Reached **** piety under Trog
  5563 | D:7      | Reached skill level 9 in Maces & Flails
  6095 | D:7      | Noticed a hippogriff
  6110 | D:7      | Killed a hippogriff
  6110 | D:7      | Reached skill level 10 in Maces & Flails
  6563 | D:8      | Noticed a two-headed ogre
  6580 | D:8      | Killed a two-headed ogre
  6580 | D:8      | Reached skill level 11 in Maces & Flails
  6580 | D:8      | Reached XP level 9. HP: 40/84 MP: 9/9
  6823 | D:8      | Noticed a brown ugly thing
  6836 | D:8      | Killed a brown ugly thing
  6946 | D:8      | Noticed a two-headed ogre
  6954 | D:8      | Killed a two-headed ogre
  6954 | D:8      | Reached skill level 12 in Maces & Flails
  6963 | D:8      | Demolished by an orc warrior

Vault maps used:
D:1:      lightli_arrival_isolated_outpost, minivault_26
D:3:      chequers_ecumenical_altar_island
D:4:      minmay_temple_entry_sparse_star, first_ration, minivault_25,
          ashenzari_altar_1
D:5:      minmay_shop_damaged, chequers_serial_rivers_small_3,
          grunt_gozag_statues
D:6:      corexii_shantytown
D:7:      statuecave_lemuel
D:8:      nicolae_overflow_crystal_walls, basic_altar

Skill      XL: |  1  2  3  4  5  6  7  8  9 |
---------------+----------------------------+-----
Maces & Flails | 3 4 5 6 7 8 11 12 | 12.4
Fighting       | |  4.0
Dodging        | |  2.6

Action                   |  1- 3 |  4- 6 |  7- 9 || total
-------------------------+-------+-------+-------++-------
Melee: Mace              |   139 |    17 |       ||   156
       Flail             |       |   134 |   254 ||   388
       Giant club        |       |       |    24 ||    24
Invok: Berserk           |     1 |       |     7 ||     8
       Trog's Hand       |       |     1 |     1 ||     2
  Use: Scroll            |       |    12 |     4 ||    16
       Potion            |       |       |     1 ||     1
 Stab: Sleeping          |       |       |     2 ||     2
  Eat: Chunk             |     3 |     8 |    13 ||    24
       Ration            |       |       |     1 ||     1
Armor: Animal skin       |    52 |    44 |   108 ||   204
Dodge: Dodged            |    87 |    57 |   150 ||   294

Table legend:
 A = Non-vault XP
 B = Vault XP
 C = Vault XP percentage of total XP
 D = Non-vault monster count
 E = Vault monster count
 F = Vault count percentage of total count
                 A         B        C        D         E       F
            +---------+---------+-------+---------+---------+-------
      Total |    4513 |      75 |   1.6 |     126 |      32 |  20.3
            +---------+---------+-------+---------+---------+-------
        D:1 |      42 |       0 |   0.0 |      19 |       0 |   0.0
        D:2 |      56 |       0 |   0.0 |      21 |       0 |   0.0
        D:3 |      37 |       0 |   0.0 |      16 |       0 |   0.0
        D:4 |     470 |       0 |   0.0 |      27 |       0 |   0.0
        D:5 |     179 |       0 |   0.0 |       7 |       0 |   0.0
        D:6 |     421 |      75 |  15.1 |      12 |      32 |  72.7
        D:7 |     926 |       0 |   0.0 |      19 |       0 |   0.0
        D:8 |    2382 |       0 |   0.0 |       5 |       0 |   0.0
            +---------+---------+-------+---------+---------+-------
